 Dungeon Crawl Stone Soup version 0.22-b1-59-g0aedee734a (webtiles) character file.

480 Pisosu the Cudgeler (level 6, -2/57 HPs)
             Began as a Minotaur Berserker on Aug 10, 2018.
             Was a Priest of Trog.
             Slain by an ice beast (15 damage)
             ... on level 6 of the Dungeon.
             The game lasted 00:08:00 (3586 turns).

Pisosu the Cudgeler (Minotaur Berserker)            Turns: 3586, Time: 00:08:00

Health: -2/57      AC:  4    Str: 23    XL:     6   Next: 86%
Magic:  5/5        EV: 11    Int:  4    God:    Trog [***...]
Gold:   168        SH:  3    Dex: 10    Spells: 5/5 levels left

rFire    + . .     SeeInvis .   a - +0 mace
rCold    x . .     Gourm    .   m - +0 buckler
rNeg     . . .     Faith    .   b - +0 animal skin
rPois    +         Spirit   .   (helmet restricted)
rElec    .         Reflect  .   q - +0 cloak
rCorr    .         Harm     .   h - +0 pair of gloves
MR       .....                  (no boots)
Stlth    +.........             (no amulet)
HPRegen  0.19/turn              o - ring of poison resistance
MPRegen  0.09/turn              u - ring of fire

@: no status effects
A: retaliatory headbutt, horns 2
a: Berserk, Trog's Hand, Renounce Religion


You were on level 6 of the Dungeon.
You worshipped Trog.
Trog was most pleased with you.
You were hungry.

You visited 1 branch of the dungeon, and saw 6 of its levels.

You collected 168 gold pieces.

Inventory:

Hand Weapons
 a - a +0 mace (weapon)
Missiles
 f - a throwing net (quivered)
Armour
 b - a +0 animal skin (worn)
 h - a +0 pair of gloves (worn)
 m - a +0 buckler (worn)
 q - a +0 cloak (worn)
Jewellery
 o - a ring of poison resistance (left hand)
 u - a ring of fire (right hand)
 B - an uncursed ring of ice {unknown}
 G - an uncursed ring of stealth {unknown}
Wands
 s - a wand of random effects (17)
 x - a wand of disintegration (12)
Scrolls
 d - a scroll of noise {unknown}
 e - a scroll of fog {unknown}
 g - a scroll of enchant armour {unknown}
 j - a scroll of enchant weapon {unknown}
 k - 2 scrolls of random uselessness {unknown}
 l - 5 scrolls of identify {unknown}
 p - 4 scrolls of remove curse {unknown}
 w - a scroll of immolation {unknown}
 y - 2 scrolls of teleportation {unknown}
 A - a scroll of vulnerability {unknown}
 F - a scroll of magic mapping {unknown}
Potions
 i - a potion of agility {unknown}
 n - 2 potions of cancellation {unknown}
 r - a potion of brilliance {unknown}
 t - 3 potions of heal wounds {unknown}
 v - a potion of degeneration {unknown}
 z - 2 potions of berserk rage {unknown}
 C - a potion of invisibility {unknown}
 D - 5 potions of haste {unknown}
 E - 2 potions of curing {unknown}
 H - a potion of might {unknown}
 J - a potion of lignification {unknown}
Comestibles
 c - 13 rations


   Skills:
 + Level 6.0 Fighting
 + Level 7.7 Maces & Flails
 + Level 2.8 Armour
 - Level 2.1 Dodging
 + Level 1.4 Shields


You had 5 spell levels left.
You didn't know any spells.
Your spell library was empty.

Dungeon Overview and Level Annotations

Branches:
Dungeon (6/15)
 Temple: D:4-7

Altars:
Fedhas
Ru
Uskayaw
Wu Jian
The Shining One


Innate Abilities, Weirdness & Mutations

You reflexively headbutt those who attack you in melee.
You have a pair of horns on your head.


Message History

You are too injured to fight recklessly!
You are too injured to fight recklessly!
You are too injured to fight recklessly!
You are too injured to fight recklessly!
You are too injured to fight recklessly!
You are too injured to fight recklessly!
You are too injured to fight recklessly!
You are too injured to fight recklessly!
You are too injured to fight recklessly!
You are too injured to fight recklessly!
Unknown command.
You hit the ice beast but do no damage.
The ice beast is almost dead.
The ice beast closely misses you.
You closely miss the ice beast.
The ice beast is almost dead.
The ice beast hits you.
* * * LOW HITPOINT WARNING * * *
The ice beast freezes you!
You feel a terrible chill!
You die...

#.........##...#####
#.........#.........
#.##..#........#####
#.##..##..###.##
#.#.......# #.#
#.#.####.## #.#
#........# ##'##
#####.########.<.##
#....@..# ##.....##
#.###Y#.# #.......##
....# #.........##
...... +.........'.
##....###.>.......##
##.#.# ##.....(.###
#.#.# ##.....## #
..... ##...## ##+#


You could see an ice beast.

Vanquished Creatures
  2 phantoms (D:4)
  A bullfrog zombie (D:5)
  An orc priest (D:4)
  A centaur skeleton (D:4)
  2 worker ants
  8 adders
  An ooze (D:3)
  An adder zombie (D:5)
  4 worms
  2 dart slugs
  4 leopard geckos
  3 orcs
  5 giant cockroaches
  4 goblins
  2 hobgoblins
  12 jackals
  2 quokkas
  2 ball pythons
  2 bats
  9 frilled lizards
  A jackal skeleton (D:4)
  11 kobolds
  8 rats
88 creatures vanquished.

Notes
Turn   | Place    | Note
-------+----------+-------------------------------------------
     0 | D:1      | Pisosu the Minotaur Berserker began the quest for the Orb.
     0 | D:1      | Reached XP level 1. HP: 19/19 MP: 0/0
   288 | D:1      | Reached skill level 4 in Maces & Flails
   288 | D:1      | Reached XP level 2. HP: 27/27 MP: 1/1
   770 | D:1      | Reached XP level 3. HP: 33/33 MP: 2/2
   814 | D:1      | Reached ** piety under Trog
  1225 | D:2      | Reached XP level 4. HP: 23/41 MP: 3/3
  1248 | D:2      | Reached skill level 5 in Maces & Flails
  1684 | D:2      | Found a hide-covered altar of Uskayaw.
  1684 | D:2      | Found a sacrificial altar of Ru.
  1966 | D:3      | Reached skill level 5 in Fighting
  2009 | D:3      | Found a blossoming altar of Fedhas.
  2065 | D:3      | Reached XP level 5. HP: 28/48 MP: 4/4
  2641 | D:4      | Reached skill level 6 in Maces & Flails
  2714 | D:4      | Reached *** piety under Trog
  2809 | D:4      | Found a glowing golden altar of the Shining One.
  2853 | D:4      | Noticed a phantom
  2853 | D:4      | Noticed a phantom
  2878 | D:4      | Killed a phantom
  2878 | D:4      | Reached skill level 1 in Shields
  2878 | D:4      | Reached XP level 6. HP: 42/57 MP: 5/5
  2889 | D:4      | Reached skill level 7 in Maces & Flails
  3209 | D:5      | Entered Level 5 of the Dungeon
  3304 | D:5      | Found an ornate altar of the Wu Jian Council.
  3578 | D:6      | Noticed an ice beast
  3586 | D:6      | Slain by an ice beast

Skill      XL: |  1  2  3  4  5  6 |
---------------+-------------------+-----
Maces & Flails | 4 5 6 7 |  7.7
Fighting       | 4 5 6 |  6.0
Shields        | 1 |  1.4
Armour         | |  2.8
Dodging        | |  2.1

Action                   |  1- 3 |  4- 6 || total
-------------------------+-------+-------++-------
Melee: Mace              |    89 |   119 ||   208
       Headbutt          |    11 |    21 ||    32
 Stab: Sleeping          |       |     2 ||     2
  Eat: Chunk             |     1 |     7 ||     8
Armor: Animal skin       |    16 |    27 ||    43
Dodge: Dodged            |    70 |    62 ||   132
Block: Buckler           |       |    18 ||    18
